 Dungeon Crawl Stone Soup version 0.25.0-15-gac7dcb8919 (webtiles) character file.

Game seed: 8053149856718511840

219 protoss039 the Magician (level 5, 0/28 HPs)
             Began as a Deep Elf Earth Elementalist on June 28, 2020.
             Slain by a quasit (2 damage)
             ... on level 3 of the Dungeon.
             The game lasted 00:04:32 (2719 turns).

protoss039 the Magician (DEEE)                      Turns: 2719, Time: 00:04:32

Health: 0/28       AC:  2    Str:  5      XL:     5   Next: 64%
Magic:  9/15       EV: 12    Int: 21      God:
Gold:   121        SH:  0    Dex:  9 (15) Spells: 9/15 levels left

rFire    . . .     SeeInvis .   s - +2 mace (vorpal)
rCold    . . .     Gourm    .   (no shield)
rNeg     . . .     Faith    .   c - +0 robe
rPois    .         Spirit   .   (no helmet)
rElec    .         Reflect  .   (no cloak)
rCorr    .         Harm     .   (no gloves)
MR       .....                  (no boots)
Stlth    ++........             (no amulet)
HPRegen  0.09/turn              (no ring)
MPRegen  0.14/turn              (no ring)

@: brilliant, lethally poisoned (0 -> -7)
A: no striking features
a: no special abilities


You were on level 3 of the Dungeon.
You were hungry.

You visited 1 branch of the dungeon, and saw 3 of its levels.

You collected 121 gold pieces.

Inventory:

Hand Weapons
 e - a +0 dagger
 s - a +2 vorpal mace (weapon)
Missiles
 b - a stone (quivered)
Armour
 c - a +0 robe (worn)
Jewellery
 u - an uncursed ring of poison resistance {unknown}
Wands
 r - a wand of random effects (14)
Scrolls
 a - 3 scrolls of amnesia {unknown}
 f - a scroll of remove curse {unknown}
 i - a scroll of fog {unknown}
 j - 2 scrolls of identify {unknown}
 k - a scroll of enchant armour {unknown}
 n - a scroll of enchant weapon {unknown}
 o - a scroll of magic mapping {unknown}
Potions
 g - a potion of brilliance
 h - a potion of might {unknown}
 l - 2 potions of curing {unknown}
 m - a potion of lignification {unknown}
 p - a potion of degeneration {unknown}
 t - a potion of heal wounds {unknown}
 v - a potion of berserk rage {unknown}
Comestibles
 d - 7 rations
 q - 7 chunks of flesh


   Skills:
 - Level 0.1 Short Blades
 - Level 2.4 Dodging
 - Level 2.4 Stealth
 * Level 5.9 Spellcasting
 + Level 1.1 Transmutations
 * Level 5.5 Earth Magic


You had 9 spell levels left.
You knew the following spells:

 Your Spells              Type           Power        Failure   Level  Hunger
a - Sandblast             Erth           #####.       1%          1    None
b - Passwall              Tmut/Erth      ####....     3%          2    None
c - Stone Arrow           Conj/Erth      ####..       10%         3    None

Your spell library contained the following spells:

 Spells                   Type           Power        Failure   Level  Hunger
 Corona                   Hex            #......      10%         1    None
 Ensorcelled Hibernation  Hex/Ice        #.....       16%         2    None
 Petrify                  Tmut/Erth      ####....     26%         4    None
 Dazzling Flash           Conj/Hex       #.....       28%         3    None
 Lee's Rapid Deconstruct  Erth           #####.....   28%         5    None
 Confusing Touch          Hex            #.......     30%         3    None
 Tukima's Dance           Hex            #.......     30%         3    None


Dungeon Overview and Level Annotations

Branches:
Dungeon (3/15)

Altars:
Ashenzari
Makhleb
Xom

Annotations:
D:3 1 transporter, bl3nd3r's ghost, weakling VSAr


Message History

* * * LOW HITPOINT WARNING * * *
You feel clumsy.
The quasit claws you but does no damage.
Bl3nd3r's ghost completely misses you.
The quasit bites you but does no damage.
The quasit claws you but does no damage.
The quasit barely misses you.
Unknown command.
Okay, then.
It was a potion of brilliance.
You feel clever all of a sudden.
* * * LOW HITPOINT WARNING * * *
You feel sick. The quasit bites you.
* * * LOW HITPOINT WARNING * * *
The quasit barely misses you.
The quasit claws you but does no damage.
The quasit misses you.
The quasit claws you but does no damage.
The quasit claws you.
You die...

##.. ... ... # .. ##.
##### ## ..###...### .#
#.#...55W.##.#
#.#...#@#..#.#
#..#...#5#..#.#
#.##.#.....##.#
#.#.#...#..#..##
#.#...#©.=}#©..#
##.##...(.#$#...#
#..©#.#...#.##..#
#).##..##.#..#..#####
###..#5..#...#.#......#


You could see 3 quasits and bl3nd3r's ghost.

Vanquished Creatures
  A quasit (D:3)
  An orc wizard (D:3)
  Terence (D:2)
  Natasha (thrice) (D:2)
  An adder (D:2)
  4 leopard geckos
  3 orcs (D:3)
  A giant cockroach (D:1)
  3 goblins
  3 hobgoblins
  3 jackals (D:2)
  5 kobolds
  A quokka (D:2)
  A ball python (D:1)
  6 bats
  4 frilled lizards (D:1)
  7 rats
48 creatures vanquished.

Notes
Turn   | Place    | Note
-------+----------+-------------------------------------------
     0 | D:1      | protoss039 the Deep Elf Earth Elementalist began the quest
                  | for the Orb.
     0 | D:1      | Reached XP level 1. HP: 10/10 MP: 6/6
   211 | D:1      | Reached XP level 2. HP: 15/15 MP: 5/8
  1487 | D:2      | Reached XP level 3. HP: 16/19 MP: 6/10
  1499 | D:2      | Learned a level 2 spell: Passwall
  1503 | D:2      | Learned a level 3 spell: Stone Arrow
  1851 | D:2      | Noticed Natasha
  1856 | D:2      | Killed Natasha
  1921 | D:2      | Noticed Natasha
  1926 | D:2      | Killed Natasha
  1926 | D:2      | Reached XP level 4. HP: 10/24 MP: 8/12
  2192 | D:2      | Found a shimmering altar of Xom.
  2213 | D:2      | Noticed Natasha
  2220 | D:2      | Killed Natasha
  2220 | D:2      | Reached skill level 5 in Earth Magic
  2225 | D:2      | Reached skill level 5 in Spellcasting
  2299 | D:2      | Found a burning altar of Makhleb.
  2302 | D:2      | Found a shattered altar of Ashenzari.
  2333 | D:2      | Noticed Terence
  2337 | D:2      | Killed Terence
  2337 | D:2      | Reached XP level 5. HP: 28/28 MP: 8/14
  2680 | D:3      | Found a transporter.
  2683 | D:3      | Noticed bl3nd3r's ghost (weakling VSAr)
  2698 | D:3      | Found a transporter.
  2719 | D:3      | Slain by a quasit

Illustrated notes

Levels and vault maps discovered:
D:1:      onia_arrival_mini_maze, layout_rooms
D:2:      layout_rooms, nicolae_overflow_hidden_temple, old_standard_altar,
          uniq_natasha, uniq_terence
D:3:      layout_rooms, gammafunk_ghost_stat_death, uniq_jessica

Skill      XL: |  1  2  3  4 |
---------------+-------------+-----
Earth Magic    | 4 5 |  5.5
Spellcasting   | 4 5 |  5.9
Short Blades   | |  0.1
Dodging        | |  2.4
Stealth        | |  2.4
Transmutations | |  1.1

Action                   |  1- 3 |  4- 6 || total
-------------------------+-------+-------++-------
Melee: Dagger            |    95 |       ||    95
       Mace              |       |     1 ||     1
 Cast: Sandblast         |    24 |    31 ||    55
       Stone Arrow       |       |     2 ||     2
  Use: Potion            |       |     1 ||     1
 Stab: Sleeping          |     5 |       ||     5
  Eat: Chunk             |     3 |     2 ||     5
Armor: Robe              |    17 |    17 ||    34
Dodge: Dodged            |    81 |    53 ||   134
